 Dungeon Crawl Stone Soup version 0.28.0 (webtiles) character file.

Game seed: 10278960431977394063

2660 RaderH2O the Spear-Bearer (level 9, -3/79 HPs)
             Began as a Minotaur Berserker on Feb 15, 2022.
             Was a Priest of Trog.
             Succumbed to a green ugly thing's poison
             ... on level 7 of the Dungeon.
             The game lasted 00:28:48 (7115 turns).

RaderH2O the Spear-Bearer (Minotaur Berserker)      Turns: 7115, Time: 00:28:48

Health: -3/79      AC: 14    Str: 25    XL:     9   Next: 36%
Magic:  8/8        EV: 10    Int:  6    God:    Trog [***...]
Gold:   340        SH:  0    Dex: 15    Spells: 8/8 levels left

rFire   + . .      SeeInvis .   a - +3 spear
rCold   . . .      Faith    .   (no shield)
rNeg    . . .      Spirit   .   o - +3 chain mail
rPois   .          Reflect  .   (helmet restricted)
rElec   .          Harm     .   (no cloak)
rCorr   .          Rampage  .   (no gloves)
Will    +....                   (no boots)
Stlth   ..........              (no amulet)
HPRegen 0.23/turn               d - ring of protection from fire
MPRegen 0.11/turn               e - ring of willpower

@: lethally poisoned (-3 -> -23), on berserk cooldown, slowed, very slow
A: horns 2, retaliatory headbutt, thin skeletal structure 1, agile 1, clever 1
a: Renounce Religion, Berserk, Trog's Hand


You were on level 7 of the Dungeon.
You worshipped Trog.
Trog was most pleased with you.
You visited 1 branch of the dungeon, and saw 7 of its levels.

You collected 340 gold pieces.

Inventory:

Hand Weapons
 a - a +3 spear (weapon)
 u - a +0 hand crossbow
Missiles
 q - 4 poisoned darts
Armour
 b - a +0 animal skin
 c - a +0 scale mail
 o - a +3 chain mail (worn)
Jewellery
 d - a ring of protection from fire (left hand)
 e - a ring of willpower (right hand)
 i - a ring of see invisible
 n - a +4 ring of protection
 w - a ring of protection from fire
Wands
 g - a wand of iceblast (14)
 m - a wand of flame (48)
 v - a wand of acid (4)
 y - a wand of digging (1)
Scrolls
 s - a scroll of identify
 z - a scroll of magic mapping
 A - a scroll of acquirement {unknown}
Potions
 f - a potion of curing {unknown}
 h - a potion of berserk rage {unknown}
 j - a potion of magic {unknown}
 k - a potion of flight {unknown}
 l - a potion of might
 p - 2 potions of attraction (quivered)
 r - 2 potions of degeneration {unknown}
 t - a potion of brilliance {unknown}
 x - a potion of haste {unknown}


   Skills:
 + Level 7.6 Fighting
 + Level 10.4 Polearms
 + Level 0.3 Throwing
 + Level 8.9 Armour
 + Level 3.8 Dodging
 + Level 1.8 Stealth


You had 8 spell levels left.
You didn't know any spells.
Your spell library was empty.

Dungeon Overview and Level Annotations

Branches:
Dungeon (7/15)             Temple (0/1) D:5

Altars:
Ashenzari
Cheibriados
Wu Jian
Zin
The Shining One

Annotations:
D:6 1 runed translucent door, exclusion: player ghost, Tagedieb's ghost, novice KoEn
D:7 exclusions: gnoll, orc priest, orc wizard and skeleton


Innate Abilities, Weirdness & Mutations

You have a pair of horns on your head.
You reflexively headbutt those who attack you in melee.
You have a somewhat thin skeletal structure. (Dex +2, Stealth+)
You are agile. (Dex +2)
Your mind is acute. (Int +2)


Message History

Digging in that direction won't affect any walls.
A stone wall.
Nothing appears to happen.
You don't know any spells.
Aiming: Dig
Press: ? - help, Shift-Dir - straight line Digging in that direction won't affect any walls.
A stone wall.
Nothing appears to happen.
The vampire mosquito buzzes angrily.
The green ugly thing trunk-slaps you but does no damage.
Okay, then.
Aiming: Iceblast
Press: ? - help, Shift-Dir - straight line, f - vampire mosquito
Aim: a vampire mosquito The mass of ice explodes!
The iceblast engulfs the green ugly thing.
The green ugly thing is lightly wounded.
The iceblast engulfs you!
The iceblast engulfs the vampire mosquito!
The vampire mosquito is moderately damaged.
You hear a shout!
You hear a croak.
You hear a shout!
You hear an angry hiss.
You hear a shout! x2
The green ugly thing trunk-slaps you!
You are lethally poisoned!
The green ugly thing poisons you!
You fail to use your ability.
* * * LOW HITPOINT WARNING * * *
You feel extremely sick.
The green ugly thing completely misses you.
The green ugly thing trunk-slaps you!
* * * LOW HITPOINT WARNING * * *
Your ogre goes berserk!
You can no longer call in reinforcements.
* * * LOW HITPOINT WARNING * * *
You feel extremely sick.
The green ugly thing trunk-slaps you but does no damage.
You puncture the green ugly thing!
The green ugly thing is lightly wounded.
You die...

..# #.# #.#.#.#.#.##..##..###.#
.## #.# #.#.#.#.#.##.#..##.##.#
.####.###.#.#.#.#.'.##.###..'.###
............#.#...#..##. ####....
.####.##.#........###.#.# #.###
...>..###.......?.# ..#. #....
.######...........# ##.. #...g .#
#.#####+####### +## ##### .###
#.# #@O#|. #.# . ...# #.#
##u#..#.# .. .#.# #.# #y###.# ...
.#.####.# #.##.#.# .... .#.#....+
#)'.#.#.# +.... .#.#.#..#
##)##.#.#.# #...S .#.#....#.
##..# #.#.#.# ........#..####...#
#.#.#O. ##.##.#.#........##
#.##.}#


You could see a green ugly thing (ally target), a vampire mosquito and a
friendly ogre (summoned, berserk).

Vanquished Creatures
  A two-headed ogre (D:7)
  A wraith (D:7)
  An orc warrior (D:5)
  A sky beast (D:6)
  3 black bears
  2 necrophages (D:4)
  An ogre (D:4)
  A phantom (D:6)
  2 centaurs
  3 bullfrogs
  A wyvern skeleton (D:6)
  6 hounds
  4 orc priests
  A centaur skeleton (D:7)
  Natasha (thrice) (D:2)
  An iguana (D:6)
  5 orc wizards
  2 hound skeletons
  A gnoll (D:6)
  An adder (D:4)
  2 shadow imps
  2 white imps
  An ufetubus (D:7)
  2 adder skeletons (D:4)
  4 dart slugs
  24 orcs
  A bat skeleton (D:2)
  6 endoplasms
  6 giant cockroaches
  6 goblins
  6 hobgoblins
  4 jackals (D:4)
  A quokka (D:1)
  3 ball pythons
  4 bats
  3 frilled lizards (D:2)
  11 kobolds
  7 rats
134 creatures vanquished.

Vanquished Creatures (others)
  2 withered plants (D:6)
2 creatures vanquished.

Grand Total: 136 creatures vanquished

Notes
Turn   | Place    | Note
-------+----------+-------------------------------------------
     0 | D:1      | RaderH2O the Minotaur Berserker began the quest for the
                  | Orb.
     0 | D:1      | Reached XP level 1. HP: 19/19 MP: 0/0
    90 | D:1      | Found a faded altar of an unknown god.
   117 | D:1      | Reached skill level 4 in Polearms
   117 | D:1      | Reached XP level 2. HP: 27/27 MP: 1/1
   682 | D:1      | Reached XP level 3. HP: 34/34 MP: 2/2
  1104 | D:2      | Reached ** piety under Trog
  1206 | D:2      | Noticed Natasha
  1218 | D:2      | Killed Natasha
  1219 | D:2      | Reached XP level 4. HP: 41/41 MP: 3/3
  1487 | D:2      | Found a glowing golden altar of the Shining One.
  1556 | D:2      | Noticed Natasha
  1563 | D:2      | Killed Natasha
  1564 | D:2      | Reached skill level 5 in Polearms
  1651 | D:2      | Noticed Natasha
  1656 | D:2      | Killed Natasha
  2222 | D:3      | Reached XP level 5. HP: 17/47 MP: 4/4
  2642 | D:3      | Found an ornate altar of the Wu Jian Council.
  2787 | D:3      | Reached skill level 5 in Fighting
  3058 | D:4      | Gained mutation: You have a somewhat thin skeletal
                  | structure. (Dex +2, Stealth+) [potion of mutation]
  3058 | D:4      | Gained mutation: You are occasionally teleported next to
                  | monsters. [potion of mutation]
  3058 | D:4      | Gained mutation: Your spells are a little harder to cast,
                  | but a little more powerful. [potion of mutation]
  3058 | D:4      | Gained mutation: You are strong-willed. (Will+) [potion of
                  | mutation]
  3059 | D:4      | Lost mutation: You have a somewhat thin skeletal structure.
                  | (Dex +2, Stealth+) [potion of mutation]
  3059 | D:4      | Lost mutation: You are strong-willed. (Will+) [potion of
                  | mutation]
  3059 | D:4      | Lost mutation: Your spells are a little harder to cast, but
                  | a little more powerful. [potion of mutation]
  3059 | D:4      | Gained mutation: You have a somewhat thin skeletal
                  | structure. (Dex +2, Stealth+) [potion of mutation]
  3060 | D:4      | Lost mutation: You have a somewhat thin skeletal structure.
                  | (Dex +2, Stealth+) [potion of mutation]
  3060 | D:4      | Lost mutation: You are occasionally teleported next to
                  | monsters. [potion of mutation]
  3060 | D:4      | Gained mutation: You have a somewhat thin skeletal
                  | structure. (Dex +2, Stealth+) [potion of mutation]
  3060 | D:4      | Gained mutation: You are agile. (Dex +2) [potion of
                  | mutation]
  3060 | D:4      | Gained mutation: Your mind is acute. (Int +2) [potion of
                  | mutation]
  3091 | D:4      | Reached skill level 1 in Stealth
  3104 | D:4      | Reached XP level 6. HP: 47/51 MP: 5/5
  3196 | D:4      | Reached skill level 6 in Polearms
  3213 | D:4      | Reached skill level 5 in Armour
  3383 | D:4      | Reached XP level 7. HP: 34/61 MP: 6/6
  3605 | D:4      | Found a glowing silver altar of Zin.
  3679 | D:4      | Reached *** piety under Trog
  4199 | D:5      | Entered Level 5 of the Dungeon
  4369 | D:5      | Found a staircase to the Ecumenical Temple.
  4374 | D:5      | Reached skill level 7 in Polearms
  4943 | D:5      | Reached XP level 8. HP: 70/70 MP: 7/7
  5166 | D:6      | Reached skill level 8 in Polearms
  5751 | D:6      | Reached skill level 9 in Polearms
  5801 | D:6      | Found a runed translucent door.
  5801 | D:6      | Noticed Tagedieb's ghost (novice KoEn)
  6398 | D:7      | Found a broken altar of Ashenzari.
  6399 | D:7      | Identified the +2 dagger of Fate {vorpal, Str+6}
  6544 | D:7      | Found a snail-covered altar of Cheibriados.
  6713 | D:7      | Reached **** piety under Trog
  7078 | D:7      | Noticed a two-headed ogre
  7093 | D:7      | Reached XP level 9. HP: 55/79 MP: 8/8
  7096 | D:7      | Killed a two-headed ogre
  7097 | D:7      | Reached skill level 10 in Polearms
  7109 | D:7      | Noticed a green ugly thing
  7114 | D:7      | HP: 2/79 [poisoned by a green ugly thing]
  7115 | D:7      | Succumbed to a green ugly thing's poison

Illustrated notes

Levels and vault maps discovered:
D:1:      evilmike_arrival_hilbert_curve, layout_loops_corners,
          hellmonk_ecumenical_altar_leap_of_faith, nrook_mini_backslash,
          serial_bayou_crossing
D:2:      layout_loops_ring, basic_altar, serial_bayou_pond_b, st_stairs_2,
          uniq_natasha
D:3:      layout_basic, lemuel_doored_altar, uniq_robin
D:4:      layout_loops_ring, zin_academy, minmay_misc_feat_columns,
          minmay_surrounded
D:5:      layout_loops_corners, temple_green
D:6:      layout_loops_corners, gammafunk_ghost_grave
D:7:      minmay_the_grid_plus [minmay_the_grid_aliased_spiral,
          minmay_the_grid_all_tris, minmay_the_grid_holed_spiral,
          minmay_the_grid_empty, minmay_the_grid_prize_four_corners_diamond_b],
          layout_loops_ring, nicolae_ru_sacrificial_ziggurat,
          mainiacjoe_overflow_paths, nicolae_ashenzari_panopticon,
          kennysheep_mini_moat

Skill      XL: |  1  2  3  4  5  6  7  8  9 |
---------------+----------------------------+-----
Polearms       | 4 5 6 7 9 10 | 10.4
Fighting       | 4 5 6 7 |  7.6
Armour         | 3 4 5 6 8 |  8.9
Stealth        | 1 |  1.8
Dodging        | 3 |  3.8
Throwing       | |  0.3

Action                   |  1- 3 |  4- 6 |  7- 9 || total
-------------------------+-------+-------+-------++-------
Melee: Spear             |    78 |   120 |   234 ||   432
       Headbutt          |    11 |    21 |    41 ||    73
       Punch             |       |     1 |     1 ||     2
Throw: Dart              |       |       |     2 ||     2
Invok: Berserk           |     1 |     1 |     4 ||     6
       Brothers in Arms  |       |       |     1 ||     1
Evoke: Wand              |       |       |     3 ||     3
  Use: Scroll            |     3 |     6 |     6 ||    15
       Potion            |       |     4 |       ||     4
 Stab: Sleeping          |     1 |       |       ||     1
Armor: Animal skin       |     5 |       |       ||     5
       Scale mail        |    14 |     3 |       ||    17
       Chain mail        |       |    29 |   103 ||   132
Dodge: Dodged            |    34 |    33 |    81 ||   148
